 Dungeon Crawl Stone Soup version 0.31-a0-234-gad7ace16ef (webtiles) character file.

Game seed: 17092388931631033692

153 qw the Shooter (level 5, -1/45 HPs)
             Began as a Minotaur Hexslinger on July 9, 2023.
             Slain by a gnoll
             ... wielding a +0 whip
              (2 damage)
             ... on level 4 of the Dungeon.
             The game lasted 00:01:01 (2216 turns).

qw the Shooter (Minotaur Hexslinger)                Turns: 2216, Time: 00:01:02

Health: -1/45      AC: 13    Str: 12    XL:     5   Next: 12%
Magic:  5/5        EV: 11    Int: 10    God:
Gold:   141        SH:  0    Dex: 15    Spells: 5/6 levels left

rFire   x x .        Y - +2 sling (freeze)
rCold   x x .        (no shield)
rNeg    . . .        i - +0 ring mail
rPois   +            (helmet restricted)
rElec   .            (no cloak)
rCorr   .            (no gloves)
SInv    .            (no boots)
Will    .....        e - amulet of Elemental Vulnerability {rPois rF-- rC-- AC+8}
Stlth   +            (no ring)
HPRegen 0.27/turn    (no ring)
MPRegen 0.09/turn

%: no passive effects
@: about to teleport
A: horns 2, retaliatory headbutt
a: no special abilities


You were on level 4 of the Dungeon.
You visited 1 branch of the dungeon, and saw 4 of its levels.

You collected 141 gold pieces.


Innate Abilities, Weirdness & Mutations

You have a pair of horns on your head.
You reflexively headbutt those who attack you in melee.


   Skills:
 - Level 3.0 Fighting
 + Level 5.1 Ranged Weapons
 - Level 1.2 Armour
 - Level 2.1 Dodging
 - Level 1.0 Spellcasting
 - Level 2.0 Hexes


You had 5 spell levels left.
You knew the following spells:

 Your Spells              Type           Power      Damage    Failure   Level
a - Slow                  Hex            16%        N/A       34%         1

Your spell library contained the following spells:

 Spells                   Type           Power      Damage    Failure   Level
 Inner Flame              Hex/Fire       2%         N/A       83%         3
 Portal Projectile        Hex/Tloc       4%         N/A       83%         3
 Cause Fear               Hex            2%         N/A       98%         4

Inventory:

Hand Weapons
 Y - a +2 sling of freezing (weapon)
Armour
 i - a +0 ring mail (worn)
Jewellery
 e - the amulet of Elemental Vulnerability (around neck) {rPois rF-- rC-- AC+8}
   (You found it on level 2 of the Dungeon)

   [amulet of nothing]

   AC:        It affects your AC (+8).
   rF:        It makes you very vulnerable to fire.
   rC:        It makes you very vulnerable to cold.
   rPois:     It protects you from poison.
Scrolls
 g - a scroll of identify
Potions
 c - a potion of enlightenment
 f - a potion of degeneration {unknown}
 k - a potion of brilliance {unknown}
 m - a potion of curing

Dungeon Overview and Level Annotations

Branches:
Dungeon (4/15)
 Temple: D:4-7

Altars:

Annotations:
D:4 Dowan, Duvessa


Message History

You shoot a sling bullet. The gnoll shouts!
The sling bullet hits Duvessa.
The sling bullet freezes Duvessa.
Duvessa is lightly wounded.
Duvessa hits you with a +0 short sword! Duvessa hits you with a +0 short sword.
You shoot a sling bullet. The sling bullet hits Duvessa.
The sling bullet freezes Duvessa.
Duvessa is moderately wounded.
Duvessa hits you with a +0 short sword.
A gnoll comes into view. It is wielding a +0 whip.
Dowan hits you but does no damage. Duvessa completely misses you.
You furiously retaliate!
You headbutt Duvessa. You shoot a sling bullet. The gnoll shouts!
The sling bullet hits Duvessa but does no damage.
Duvessa is moderately wounded.
You hear a shout!
Duvessa hits you with a +0 short sword. Dowan casts a spell at you.
You resist with some effort.
A hobgoblin comes into view.
Duvessa hits you but does no damage. Dowan hits you but does no damage.
You are electrocuted!
You shoot a sling bullet.
The sling bullet hits Duvessa but does no damage.
Duvessa is moderately wounded.
Duvessa hits you with a +0 short sword! The gnoll barely misses you.
Dowan barely misses you. Duvessa barely misses you.
2215 ||| READING scroll of teleportation.
As you read the scroll of teleportation, it crumbles to dust.
You feel strangely unstable. Duvessa hits you with a +0 short sword.
The gnoll hits you but does no damage. The gnoll barely misses you.
You furiously retaliate!
You headbutt the gnoll. Dowan hits you but does no damage.
An orc priest comes into view.
It is wielding a +0 flail and wearing a +0 ring mail of cold resistance.
You shoot a sling bullet.
The sling bullet barely misses the gnoll.
Duvessa barely misses you. You furiously retaliate!
You headbutt Duvessa! The gnoll hits you with a +0 whip.
You die...

########
#####......#
#..........#
#..........#
####..........#
..............#
###..ggg.<....#
....gge@......#
?.....e.#######
........#
.........
.....#...
.....#.#.. o...
.. .. .... ..
...


You could see Duvessa (fast), Dowan, an orc priest, 4 gnolls and a hobgoblin.

Vanquished Creatures
  Jessica (D:3)
  5 adders
  2 worms
  3 dart slugs
  6 endoplasms
  2 giant cockroaches
  9 goblins
  4 hobgoblins
  4 jackals
  4 quokkas
  8 ball pythons
  8 bats
  6 frilled lizards
  5 kobolds
  6 rats
73 creatures vanquished.

Notes
Turn   | Place    | Note
-------+----------+-------------------------------------------
     0 | D:1      | qw the Minotaur Hexslinger began the quest for the Orb.
     0 | D:1      | Reached XP level 1. HP: 16/16 MP: 1/1
     0 | D:1      | 0 ||| qw: Version: 0.3-a-51-g015441d
     0 | D:1      | 0 ||| qw: Game counter: 4103
     0 | D:1      | 0 ||| qw: Melee chars always use a shield: true
     0 | D:1      | 0 ||| qw: God list: Okawaru
     0 | D:1      | 0 ||| qw: Allow faded altars: false
     0 | D:1      | 0 ||| qw: Do Orc after clearing Dungeon:15 true
     0 | D:1      | 0 ||| qw: Do second Lair branch before Depths: true
     0 | D:1      | 0 ||| qw: Lair rune preference: random
     0 | D:1      | 0 ||| qw: Goals: Normal
     0 | D:1      | 0 ||| PLANNING D:1-11
    79 | D:1      | Reached skill level 3 in Ranged Weapons
    87 | D:1      | Reached XP level 2. HP: 23/23 MP: 2/2
   159 | D:1      | Found a faded altar of an unknown god.
   305 | D:1      | Reached XP level 3. HP: 29/29 MP: 3/3
   514 | D:1      | 514 ||| UPGRADING to +0 ring mail.
   524 | D:1      | 524 ||| DROPPING +0 robe.
   525 | D:1      | 525 ||| READING scroll labelled MUXKIN GURE RIFUE.
   526 | D:1      | 526 ||| READING scroll labelled HAGENI JUSA.
   527 | D:1      | 527 ||| READING scroll labelled OXZO WEUREPPY.
   528 | D:1      | 528 ||| DROPPING scroll of poison.
   627 | D:2      | 627 ||| FLEEEEING.
   628 | D:2      | 628 ||| FLEEEEING.
   629 | D:2      | 629 ||| FLEEEEING.
   639 | D:2      | 639 ||| STAIRDANCE
   657 | D:1      | 657 ||| READING scroll labelled ZUUSOIS UWKEQ.
   658 | D:1      | 658 ||| READING scroll labelled LASOES MOUWO.
   786 | D:2      | Reached skill level 4 in Ranged Weapons
   872 | D:2      | Reached skill level 1 in Armour
   982 | D:2      | Found the amulet of Elemental Vulnerability {rPois rF--
                  | rC-- AC+8}
  1128 | D:2      | Reached XP level 4. HP: 36/36 MP: 4/4
  1439 | D:2      | 1439 ||| UPGRADING to amulet of Elemental Vulnerability
                  | {rPois rF-- rC-- AC+8}.
  1444 | D:2      | 1444 ||| READING scroll labelled YCAOSH ESHRER.
  1447 | D:2      | 1447 ||| READING scroll labelled PUXKOUBIDO.
  1665 | D:3      | Reached skill level 5 in Ranged Weapons
  1853 | D:3      | Noticed Jessica
  1855 | D:3      | Killed Jessica
  1856 | D:3      | Reached skill level 3 in Fighting
  1856 | D:3      | Reached XP level 5. HP: 45/45 MP: 5/5
  2057 | D:3      | 2057 ||| READING scroll labelled ELUBUEPR XUWI.
  2058 | D:3      | 2058 ||| READING scroll labelled ARPHO XEHEMP.
  2059 | D:3      | 2059 ||| READING scroll labelled EKHOC ZAUNAOGE.
  2060 | D:3      | 2060 ||| DRINKING 2 lumpy golden potions.
  2165 | D:3      | 2165 ||| DRINKING 2 ruby potions.
  2166 | D:3      | 2166 ||| READING 3 scrolls of identify.
  2166 | D:3      | 2166 ||| IDENTIFYING murky ruby potion
  2167 | D:3      | 2167 ||| READING 2 scrolls of identify.
  2167 | D:3      | 2167 ||| IDENTIFYING lumpy dark potion
  2168 | D:3      | 2168 ||| DROPPING potion of attraction.
  2169 | D:3      | 2169 ||| DROPPING potion of berserk rage.
  2206 | D:4      | Noticed Duvessa
  2206 | D:4      | Noticed Dowan
  2214 | D:4      | HP: 2/45 [Duvessa/+0 short sword (10)]
  2215 | D:4      | 2215 ||| READING scroll of teleportation.
  2216 | D:4      | Slain by a gnoll

Levels and vault maps discovered:
D:1:      dpeg_arrival_tiny_g, layout_rooms, chequers_ecumenical_altar_grove
D:2:      minmay_angry_zag, layout_loops_corners, minmay_crystal_room
D:3:      layout_basic, uniq_jessica
D:4:      layout_rooms, zin_statuary, kennysheep_little_box, uniq_blork_the_orc,
          uniq_duvessa

Skill      XL: |  1  2  3  4 |
---------------+-------------+-----
Ranged Weapons | 3 4 5 |  5.1
Fighting       | 2 3 |  3.0
Armour         | 1 |  1.2
Dodging        | |  2.1
Spellcasting   | |  1.0
Hexes          | |  2.0

Action                     |  1- 3 |  4- 6 || total
---------------------------+-------+-------++-------
   Fire: Sling             |   141 |    82 ||   223
    Use: Scroll            |     5 |     8 ||    13
         Potion            |       |     2 ||     2
 Armour: Robe              |     2 |       ||     2
         Ring mail         |    14 |    23 ||    37
  Dodge: Dodged            |    33 |    28 ||    61

Table legend:
 A = Non-vault XP
 B = Vault XP
 C = Vault XP percentage of total XP
 D = Non-vault monster count
 E = Vault monster count
 F = Vault count percentage of total count
                 A         B        C        D         E       F
            +---------+---------+-------+---------+---------+-------
      Total |     146 |      73 |  33.3 |      64 |       9 |  12.3
            +---------+---------+-------+---------+---------+-------
        D:1 |      47 |       0 |   0.0 |      26 |       0 |   0.0
        D:2 |      45 |      36 |  44.4 |      18 |       8 |  30.8
        D:3 |      54 |      37 |  40.7 |      20 |       1 |   4.8
            +---------+---------+-------+---------+---------+-------
